 Dungeon Crawl Stone Soup version 0.26-a0-665-gefeb406119 (webtiles) character file.

Game seed: 15511031153043536141

88 Ijustatesigmund the Ducker (level 4, -2/24 HPs)
             Began as a Spriggan Wanderer on Oct 15, 2020.
             Slain by Crazy Yiuf
             ... wielding a +4 quarterstaff of chaos
              (13 damage)
             ... on level 2 of the Dungeon.
             The game lasted 00:05:22 (3055 turns).

Ijustatesigmund the Ducker (Spriggan Wanderer)      Turns: 3055, Time: 00:05:23

Health: -2/24      AC:  3    Str:  9    XL:     4   Next: 30%
Magic:  5/5        EV: 20    Int: 13    God:
Gold:   60         SH:  0    Dex: 21    Spells: 3/3 levels left

rFire    . . .     SeeInvis +   a - +0 short sword
rCold    . . .     Faith    .   (shield restricted)
rNeg     . . .     Spirit   .   c - +1 robe
rPois    .         Reflect  .   (helmet restricted)
rElec    .         Harm     .   (no cloak)
rCorr    .         Rampage  .   (gloves unavailable)
MR       .....                  (boots unavailable)
Stlth    +++.......             (no amulet)
HPRegen  0.08/turn              l - +6 ring of dexterity
MPRegen  0.09/turn              (no ring)

@: very quick
A: very small, unfitting armour, see invisible, speed 3
a: no special abilities


You were on level 2 of the Dungeon.
You visited 1 branch of the dungeon, and saw 3 of its levels.

You collected 60 gold pieces.

Inventory:

Hand Weapons
 a - a +0 short sword (weapon)
Missiles
 d - 5 atropa-tipped darts (quivered)
Armour
 c - a +1 robe (worn)
Jewellery
 l - a +6 ring of dexterity (left hand)
Scrolls
 e - a scroll of magic mapping
 h - a scroll of remove curse
 m - a scroll of teleportation
 o - a scroll of immolation
Potions
 f - a potion of cancellation {unknown}
 g - 2 potions of curing
 i - a potion of brilliance {unknown}
 j - a potion of degeneration {unknown}
 k - a potion of flight {unknown}


   Skills:
 + Level 3.1 Fighting
 + Level 3.4 Short Blades
 - Level 1.0 Throwing
 - Level 4.4 Dodging
 + Level 3.4 Stealth
   Level 1.0 Shields


You had 3 spell levels left.
You didn't know any spells.
Your spell library was empty.

Dungeon Overview and Level Annotations

Branches:
Dungeon (3/15)

Altars:
Makhleb
Wu Jian

Annotations:
D:2 Crazy Yiuf
D:3 Sigmund


Innate Abilities, Weirdness & Mutations

You are very small and have problems with some larger weapons.
You are too small for most types of armour.
You have supernaturally acute eyesight. (SInv)
You cover ground extremely quickly.


Message History

Crazy Yiuf barely misses you.
You barely miss Crazy Yiuf.
Crazy Yiuf is moderately wounded.
Crazy Yiuf closely misses you.
You hit Crazy Yiuf.
Crazy Yiuf is heavily wounded.
Crazy Yiuf barely misses you.
You hit Crazy Yiuf.
Crazy Yiuf is severely wounded.
Crazy Yiuf barely misses you.
You hit Crazy Yiuf but do no damage.
Crazy Yiuf is severely wounded.
Crazy Yiuf hits you with a +4 quarterstaff of chaos!
Crazy Yiuf burns you.
You completely miss Crazy Yiuf.
Crazy Yiuf is severely wounded.
Crazy Yiuf twirls on the spot.
Crazy Yiuf hits you with a +4 quarterstaff of chaos!
Ouch! That really hurt!
You die...

###
##.##
#####
##.#.##
#).)#
##.###.#
#)))#
#.##....
#)g)#
##.#.#.#
*#@#*
##...##
♣)♣♣
##.##
♣♣)♣ #.#
♣)♣♣ #.#
# ♣♣)♣
#.# #
#####
♣♣)♣♣
#.# #
##...##
♣♣P.)♣
##.###
#.....#
♣PP.♣♣
##...##
#.....#
##..##
#......


You could see Crazy Yiuf.

Vanquished Creatures
  A crimson imp (D:2)
  An ooze (D:2)
  2 dart slugs
  A leopard gecko (D:2)
  An orc (D:2)
  3 bats
  2 giant cockroaches (D:1)
  5 goblins
  6 hobgoblins (D:1)
  2 jackals (D:1)
  A ball python (D:2)
  5 frilled lizards
  6 kobolds
  8 rats
44 creatures vanquished.

Vanquished Creatures (others)
  2 fungi (D:2)
2 creatures vanquished.

Grand Total: 46 creatures vanquished

Notes
Turn   | Place    | Note
-------+----------+-------------------------------------------
     0 | D:1      | Ijustatesigmund the Spriggan Wanderer began the quest for
                  | the Orb.
     0 | D:1      | Ijustatesigmund set off with the following items: a +0
                  | short sword, 2 throwing nets, a +0 robe, a scroll of
                  | teleportation
     0 | D:1      | Reached XP level 1. HP: 11/11 MP: 2/2
   221 | D:1      | Reached skill level 1 in Stealth
   636 | D:1      | Reached XP level 2. HP: 10/16 MP: 3/3
  1557 | D:1      | Reached XP level 3. HP: 19/19 MP: 4/4
  1772 | D:2      | Found an ornate altar of the Wu Jian Council.
  2103 | D:2      | You fall into a shaft and drop 1 floor!
  2114 | D:3      | Noticed Sigmund
  2820 | D:2      | Found a burning altar of Makhleb.
  2914 | D:2      | Reached XP level 4. HP: 22/24 MP: 5/5
  3039 | D:2      | Found a runed translucent door.
  3040 | D:2      | Noticed Crazy Yiuf
  3055 | D:2      | Slain by Crazy Yiuf

Illustrated notes

Levels and vault maps discovered:
D:1:      saegor_arrival_simple_a, layout_basic, minmay_quantized
D:2:      layout_loops_ring, nicolae_overflow_crystal_walls,
          makhleb_grotto_becter, uniq_crazy_yiuf_cottage
D:3:      layout_basic, uniq_terence, uniq_sigmund

Skill      XL: |  1  2  3 |
---------------+----------+-----
Stealth        | 1 2 3 |  3.4
Short Blades   | 3 |  3.4
Fighting       | 3 |  3.1
Throwing       | |  1.0
Dodging        | |  4.4
Shields        | |  1.0

Action                   |  1- 3 |  4- 6 || total
-------------------------+-------+-------++-------
Melee: Short sword       |   208 |    18 ||   226
Throw: Throwing net      |     5 |     1 ||     6
       Dart              |     5 |       ||     5
  Use: Scroll            |     6 |       ||     6
       Potion            |     1 |       ||     1
 Stab: Sleeping          |     6 |       ||     6
       Held in net/web   |     1 |       ||     1
       Invisible         |     1 |       ||     1
Armor: Robe              |    13 |       ||    13
Dodge: Dodged            |   159 |     4 ||   163

Table legend: (Time is in decaauts)
 A = Elapsed time spent in this place.
 B = Non-inter-level travel time spent in this place.
 C = Inter-level travel time spent in this place.
 D = Time resting spent in this place.
 E = Time spent auto-exploring this place.
 F = Levels seen in this place.
 G = Mean time per level.
                   A        B        C        D        E       F      G
               +--------+--------+--------+--------+--------+-----+--------+
         Total |   2466 |   2447 |     19 |    977 |   1028 |   3 |  822.0 |
       Dungeon |   2466 |   2447 |     19 |    977 |   1028 |   3 |  822.0 |
               +--------+--------+--------+--------+--------+-----+--------+

Top non-repeatable levels by time:
     D:1: 1186 daAuts
     D:2: 1000 daAuts
     D:3: 280 daAuts
